[Event "*** SCC Grand Prix: Titled Tuesday Blitz"]
[Site "Chess.com"]
[Date "2020.07.21"]
[Round "3"]
[White "szachuspl"]
[Black "Ramil_Faizrakhmanov"]
[Result "1-0"]
[WhiteElo "2554"]
[BlackElo "2786"]
[TimeControl "180+1"]
[EndTime "10:28:53 PDT"]
[Termination "szachuspl won by resignation"]

1. d4 Nf6 2. c4 e6 3. Nf3 b6 4. g3 Ba6 5. Qc2 Bb7 6. Bg2 Bb4+ 7. Nbd2 c5 8. dxc5 Bxc5 9. O-O O-O 10. Nb3 Be7 11.
Nbd4 d6 12. Rd1 a6 13. b3 Qc7 14. Bb2 Nbd7 15. Rac1 Rac8 16. Qb1 Qb8 17. Qa1 Rfe8 18. e3 Qa8 19. Nh4 Bxg2 20. Nxg2 Qb7 21. h3 h6 22. Qb1 b5 23. cxb5 axb5 24. Qd3 b4 25.
Qb5 Qxb5 26. Nxb5 d5 27. Nf4 Rxc1 28. Rxc1 Ra8 29. Ra1 Ne4 30. Nd3 Ra5 31. Nd4 Ra6 32.
Nc2 Rb6 33. Kg2 g5 34. f3 Nec5 35. Ndxb4 Nxb3 36. Nxd5 Nxa1 37. Nxb6 Nxc2 38. Nxd7 Nxe3+ 39. Kg1 Nc4 40. Bd4 f5 41. Kf2 Bd6 42. g4 Kf7 43. Ke2 Ke7 44. Nb6 Nxb6 45. Bxb6 Kd7 46. Kd3 Kc6 47. Bd4 Bf8 48. Kc4 Be7 49. Bg7 fxg4 50.
hxg4 Kd6 51. Kd4 Bd8 52. Bxh6 e5+ 53. Ke4 Ke6 54. Bf8 Ba5 55. Bc5 Bc3 56. Be3 Kf6 57. Bb6 Ke6 58. a4 Kd6 59. Kf5 1-0

[Event "*** SCC Grand Prix: Titled Tuesday Blitz"]
[Site "Chess.com"]
[Date "2020.07.21"]
[Round "3"]
[White "Danfii"]
[Black "SiddharthGMJagadeesh"]
[Result "1-0"]
[WhiteElo "2357"]
[BlackElo "2555"]
[TimeControl "180+1"]
[EndTime "10:28:53 PDT"]
[Termination "Danfii won by checkmate"]

1. e4 c6 2. d4 d5 3. e5 Bf5 4. Nf3 e6 5. Be2 Ne7 6. O-O Ng6 7. Nbd2 Nd7 8. Nb3 f6 9. exf6 Qxf6 10. a4 Bd6 11. Bd2 O-O 12. c4 Be4 13. Bg5 Qf7 14. Nbd2 h6 15. Be3 Nf6 16. Nxe4 Nxe4 17. Bd3 Nf4 18. Bxe4 dxe4 19. Nd2 Qg6 20. g3 Nd3 21. Qc2 Rf3 22. Nxf3 exf3 23. Rfd1 Nf4 24. Qxg6 Nxg6 25. d5 exd5 26. cxd5 c5 27. a5 Ne5 28. Bf4 g5 29.
Bxe5 Bxe5 30. Ra3 g4 31. Rb3 Bd4 32. Rxb7 Rd8 33. Kf1 a6 34. b4 Re8 35. Re1 Rd8 36.
bxc5 Bxc5 37. Rd1 Re8 38. Rb2 Bd6 39. Rc2 Bb8 40. Rc6 Re2 41. d6 Ba7 42. Rb6 Bxb6 43. axb6 Re8 44. d7 Rd8 45. b7 Kf7 46. b8=Q Rxb8 47.
d8=Q Rxd8 48. Rxd8 Ke7 49. Ra8 h5 50. Rxa6 Kf7 51.
Rh6 Kg7 52. Rxh5 Kg6 53. Ra5 Kf6 54. Ke1 Kg6 55. Kd2 Kf6 56. Ke3 Ke6 57. Kf4 Kf6 58.
Kxg4 Kg6 59. Kxf3 Kf6 60. Kf4 Kg6 61. h4 Kf6 62. h5 Kg7 63. Kg5 Kg8 64. Kg6 Kf8 65. h6 Ke7 66. h7 Kd6 67. h8=Q Kc6 68. Qf6+ Kb7 69. Rb5+ Ka7 70. Qb6+ Ka8 71. Ra5# 1-0

[Event "*** SCC Grand Prix: Titled Tuesday Blitz"]
[Site "Chess.com"]
[Date "2020.07.21"]
[Round "3"]
[White "Chessmasterzt"]
[Black "nrvisakh"]
[Result "0-1"]
[WhiteElo "2588"]
[BlackElo "2837"]
[TimeControl "180+1"]
[EndTime "10:28:54 PDT"]
[Termination "nrvisakh won on time"]

1. d4 Nf6 2. Nf3 g6 3. c4 Bg7 4. Nc3 d5 5. cxd5 Nxd5 6. Qb3 Nxc3 7. bxc3 O-O 8. Bf4 c5 9. e3 Nc6 10. Be2 cxd4 11. cxd4 Qa5+ 12. Nd2 e5 13. dxe5 Nxe5 14. Rd1 Be6 15. Qxb7 Bd5 16. Qa6 Qxa6 17. Bxa6 Bxg2 18. Rg1 Bd5 19. Rg5 Rfe8 20. Bxe5 Rxe5 21. Rxe5 Bxe5 22. Nc4 Bc3+ 23. Ke2 Be6 24. a4 Rb8 25. Rc1 Bf6 26. f3 Rb4 27. Bb5 a6 28. Bxa6 Rxa4 29. Bb5 Ra2+ 30.
Nd2 Rb2 31. Bc4 Bf5 32. Bd3 Bd7 33. Rb1 Rxb1 34. Bxb1 Be7 35. f4 Kg7 36. Be4 Bd6 37.
Bf3 h6 38. Be4 g5 39. Kf3 f5 40. Bd5 Kf6 41. Nc4 Bc7 42. Nd2 Bb5 43. Bc4 Bc6+ 44. Kg3 h5 45. Nf3 h4+ 46. Kf2 gxf4 47. exf4 Bb6+ 48.
Ke2 h3 49. Bd3 Ba7 50. Bc4 Bb7 51. Bd3 Bc6 52. Bc2 Bb5+ 53. Bd3 Be8 54. Bc2 Bh5 0-1

[Event "*** SCC Grand Prix: Titled Tuesday Blitz"]
[Site "Chess.com"]
[Date "2020.07.21"]
[Round "3"]
[White "Anton_Demchenko"]
[Black "Artyom_ChessMate"]
[Result "1-0"]
[WhiteElo "2833"]
[BlackElo "2582"]
[TimeControl "180+1"]
[EndTime "10:28:55 PDT"]
[Termination "Anton_Demchenko won by resignation"]

1. e4 c5 2. Nc3 d6 3. g3 g6 4. Bg2 Bg7 5. d3 Nc6 6. Be3 Nf6 7. h3 h5 8. Nge2 Bd7 9. Qd2 Rb8 10. a4 a6 11. O-O O-O 12. f4 b5 13. axb5 axb5 14. f5 b4 15. Nd1 Ne5 16. Bh6 Qb6 17. Kh1 b3 18. Bxg7 Kxg7 19. c4 Ra8 20. Rc1 Qb4 21.
Ndc3 Ra2 22. Rb1 Rfa8 23. Qe3 Bc6 24. Rfc1 R2a7 25. Nf4 Qb7 26. fxg6 Nxg6 27. Rf1 Ne5 28. Rf2 Rh8 29. Rbf1 Rh6 30. Ncd5 Bxd5 31. exd5 Ra8 32.
Qd2 Rah8 33. Re1 Qd7 34. Qc3 Qc7 35. Qxb3 Rb8 36. Qc3 Qb6 37. Rxe5 dxe5 38. Qxe5 Qd6 39. Qg5+ Kh7 40. Qf5+ Kg7 41. Bf1 Rbh8 42. Qg5+ Kf8 43. Qf5 Kg7 44. Be2 Qd7 45. Qe5 Qd6 46. Qe3 Qd7 47. Kh2 Qd6 48. Kg2 Qd7 49. d4 cxd4 50. Qxd4 Qd6 51. c5 Qd7 52. b4 Qb7 53. b5 Qd7 54. d6 exd6 55. c6 Qc7 56. Nd5 Qd8 57.
c7 Qd7 58. Rxf6 Rxf6 59. Qxf6+ Kh7 60. Bd3+ Kg8 61. Qd8+ Kg7 62. Qxd7 1-0

[Event "*** SCC Grand Prix: Titled Tuesday Blitz"]
[Site "Chess.com"]
[Date "2020.07.21"]
[Round "3"]
[White "26andrej26"]
[Black "MendozaDavid2000"]
[Result "1/2-1/2"]
[WhiteElo "2518"]
[BlackElo "2288"]
[TimeControl "180+1"]
[EndTime "10:28:55 PDT"]
[Termination "Game drawn by agreement"]

1. e4 c5 2. Nf3 d6 3. d4 cxd4 4. Nxd4 Nf6 5. Nc3 a6 6. Bc4 e6 7.
Bb3 Qc7 8. g4 Nc6 9. g5 Nxd4 10.
Qxd4 Nd7 11. Be3 Nc5 12. O-O-O Nxb3+ 13. axb3 Bd7 14. Kb1 Bc6 15. f4 e5 16. Qd3 Be7 17. f5 O-O-O 18. Nd5 Bxd5 19. Qxd5 f6 20. Rd3 Kb8 21.
h4 Rc8 22. Rc1 Rhe8 23. c3 Qc6 24. b4 Qxd5 25. exd5 b5 26. b3 Rf8 27. gxf6 Bxf6 28. c4 Bxh4 29. c5 Rxf5 30. Rh1 g5 31. c6 Kc7 32. Kc2 e4 33. Rd4 Re8 34. Ra1 Ree5 35. Rxa6 Rxd5 36. Rxe4 Rfe5 37. Bb6+ Kxc6 38. Bd4+ Kb7 39.
Rb6+ Kc7 40. Bxe5 Kxb6 41. Bd4+ Kc6 42. Be3 Re5 43. Kd3 Rxe4 44. Kxe4 h6 45. Kf5 Kd5 46. Kg6 Ke4 47. Bc1 d5 48. Kxh6 d4 49. Kh5 d3 50.
Kg4 Kd4 51. Bd2 Bf2 52. Kf3 Bg1 53. Bxg5 Kc3 54. Ke4 Kxb4 55. Kxd3 Kxb3 56. Be7 1/2-1/2

[Event "*** SCC Grand Prix: Titled Tuesday Blitz"]
[Site "Chess.com"]
[Date "2020.07.21"]
[Round "3"]
[White "2nd_life"]
[Black "TioCridineno"]
[Result "1-0"]
[WhiteElo "2480"]
[BlackElo "2180"]
[TimeControl "180+1"]
[EndTime "10:28:55 PDT"]
[Termination "2nd_life won by resignation"]

1. e4 c5 2. Nf3 d6 3. Bb5+ Bd7 4. c4 Nc6 5. Nc3 g6 6. d4 cxd4 7. Nxd4 Bg7 8. Be3 Nf6 9. f3 O-O 10. O-O a6 11. Bxc6 bxc6 12. Qd2 Rb8 13. b3 Qa5 14. Rac1 Rfd8 15. Rfd1 h5 16. Bg5 Be8 17. h4 Qb6 18.
Kh1 c5 19. Nde2 Bc6 20. Nf4 Qa5 21. Nfd5 Bxd5 22. Bxf6 Bxf6 23. Nxd5 Qxd2 24. Nxf6+ exf6 25. Rxd2 Kf8 26. Rcd1 Ke7 27. Rd5 a5 28. f4 Rb6 29. e5 fxe5 30. fxe5 Rc6 31. Kh2 Ke6 32. Kg3 Rd7 33. Kf3 Rd8 34. Ke4 f5+ 35. exf6 Kxf6 36.
Kf4 Ke6 37. R1d3 Rf8+ 38. Kg5 Rf2 39. g3 Rxa2 40. Kxg6 a4 41. Rf5 axb3 42. Re3+ Kd7 43. Rf7+ Kd8 44. Rxb3 d5+ 45. Kxh5 dxc4 46. Rb8+ Rc8 47.
Rf8+ Kc7 48. Rfxc8+ Kd6 49. Rb6+ Kd5 50. Rd8+ Ke4 51.
Rc6 Ra5 52. Re6+ Kf3 53. Rf8+ Kg2 54. Re3 Rb5 55. Rc3 Rb4 56. Rf4 Rb3 57. Rcxc4 Rxg3 58. Rg4 Rxg4 59. Kxg4 1-0

[Event "*** SCC Grand Prix: Titled Tuesday Blitz"]
[Site "Chess.com"]
[Date "2020.07.21"]
[Round "3"]
[White "PrinceMurad09"]
[Black "Fischerev7"]
[Result "1-0"]
[WhiteElo "2571"]
[BlackElo "2343"]
[TimeControl "180+1"]
[EndTime "10:28:57 PDT"]
[Termination "PrinceMurad09 won on time"]

1. e4 c5 2. Nf3 d6 3. d4 cxd4 4. Nxd4 Nf6 5. Nc3 a6 6. h3 e5 7.
Nde2 h5 8. a4 Be6 9. g3 Be7 10.
Bg2 Nbd7 11. Be3 O-O 12. Qd2 Rc8 13. O-O Nb6 14. b3 d5 15. Bxb6 Qxb6 16. exd5 Bf5 17. a5 Qc7 18. Ra4 Rfd8 19. Rd1 Bc5 20. Kf1 Qd7 21.
Rh4 Bg6 22. Na4 Ba7 23. c4 Qd6 24. Nec3 Qb4 25. Qb2 Qxa5 26. Ne4 Nxe4 27. Bxe4 Qc7 28. Bxg6 fxg6 29. Re4 Rf8 30. Rd2 Rf5 31. g4 hxg4 32.
hxg4 Rg5 33. d6 Qf7 34. c5 Rf8 35. Qc3 Qe6 36. Qc4 Qxc4+ 37. bxc4 Kf7 38. d7 Rd8 39. Rd5 Ke6 40. f4 Rxg4 41. Rexe5+ Kf7 42. Re4 g5 43. Rf5+ Kg6 44. Rxg5+ Rxg5 45. fxg5 Rxd7 46. Re5 Bb8 47. Rd5 Rf7+ 48. Ke2 Rf5 49. Rd7 Rf7 50. Rd8 Bc7 51.
Rd5 Rf5 52. Rd7 Rf7 53. Rd3 Bf4 54. Nc3 Bxg5 55. Nd5 Bf6 56. Rg3+ Kf5 57. Rb3 Ke4 58. Rd3 g5 59. Rf3 g4 60. Nxf6+ 1-0

[Event "*** SCC Grand Prix: Titled Tuesday Blitz"]
[Site "Chess.com"]
[Date "2020.07.21"]
[Round "3"]
[White "Sjakkerntobi"]
[Black "Rish_97"]
[Result "0-1"]
[WhiteElo "2418"]
[BlackElo "2704"]
[TimeControl "180+1"]
[EndTime "10:28:59 PDT"]
[Termination "Rish_97 won by resignation"]

1. e4 e5 2. Nf3 Nc6 3. Bb5 a6 4. Ba4 Nf6 5. O-O Be7 6. Re1 d6 7. h3 b5 8. Bb3 Na5 9. c3 Nxb3 10. axb3 Bb7 11. d3 O-O 12. Nbd2 Nd7 13. Nf1 f5 14.
Ng3 fxe4 15. dxe4 Qe8 16. Ng5 Bxg5 17. Bxg5 Nc5 18. b4 Ne6 19. Qg4 Nf4 20. Nf5 Ne6 21. Be7 Rf7 22. Nh6+ Kh8 23. Nxf7+ Qxf7 24. Bh4 g5 25.
Bg3 Rf8 26. h4 h5 27. Qf5 Qxf5 28. exf5 Rxf5 29. Rad1 gxh4 30. Bxh4 Nf4 31. f3 Kh7 32. Bg3 Ng6 33. Kf2 h4 34. Rh1 Rh5 35. Bh2 Kg7 36. g4 Rh8 37. Rhe1 Rf8 38. Re3 Kh6 39. g5+ Kxg5 40.
Rg1+ Kh5 41. f4 Nxf4 42. Bxf4 Rxf4+ 43. Ke2 Rf7 44. Kd3 Bc8 45. Re2 Bf5+ 46. Kd2 h3 47. Rh2 Bg4 48. Ke3 Kh4 49. Ke4 Rf4+ 50. Kd5 Bf3+ 51.
Ke6 Rg4 52. Rxg4+ Kxg4 53. Kd7 Bg2 54. Kxc7 Kg3 55. Rxh3+ Bxh3 56. Kxd6 e4 0-1

[Event "*** SCC Grand Prix: Titled Tuesday Blitz"]
[Site "Chess.com"]
[Date "2020.07.21"]
[Round "3"]
[White "Onegust"]
[Black "PavelChernomordik"]
[Result "1-0"]
[WhiteElo "2578"]
[BlackElo "2347"]
[TimeControl "180+1"]
[EndTime "10:28:59 PDT"]
[Termination "Onegust won on time"]

1. e4 g6 2. d4 Bg7 3. Nc3 d6 4. Be3 a6 5. a4 b6 6. Qd2 Bb7 7. Nf3 Nd7 8. d5 c6 9. h4 h6 10.
Bc4 c5 11. Rb1 Ngf6 12. Bf4 Qc7 13. O-O Ng4 14. Rfe1 O-O-O 15. a5 b5 16. Nxb5 axb5 17. Bxb5 Nde5 18. Nxe5 Nxe5 19. a6 Ba8 20. c4 g5 21. Bg3 gxh4 22. Bxh4 Rdg8 23. Kf1 Bf6 24. Bxf6 exf6 25. b4 Rg6 26. Qf4 Kd8 27. bxc5 Qxc5 28. a7 Rhg8 29. g3 Ke7 30. Re3 Rg4 31. Qf5 R4g5 32.
Qh3 Ng4 33. Rf3 h5 34. Rf4 Re5 35. Qh4 Rgg5 36. Ba6 Kf8 37. Rb8+ Kg7 38. Rxa8 Rxe4 39. Rg8+ Kxg8 40. a8=Q+ Kg7 41. Qb7 Rxf4 42. gxf4 Rf5 43. Qg3 Qd4 44. Qb1 Rxf4 45. Qc2 Rxf2+ 46. Qcxf2 Qa1+ 47. Kg2 Qxa6 48. Qff3 Qxc4 49. Qgf4 1-0

[Event "*** SCC Grand Prix: Titled Tuesday Blitz"]
[Site "Chess.com"]
[Date "2020.07.21"]
[Round "3"]
[White "goofypenguin96"]
[Black "Schack-Hugo"]
[Result "0-1"]
[WhiteElo "2367"]
[BlackElo "2174"]
[TimeControl "180+1"]
[EndTime "10:28:59 PDT"]
[Termination "Schack-Hugo won by checkmate"]

1. e4 c5 2. Nf3 d6 3. c3 Nf6 4. h3 g6 5. Bd3 Bg7 6. Bc2 O-O 7. O-O Nc6 8. a3 Ne8 9. d4 cxd4 10. cxd4 Nc7 11.
Nc3 d5 12. e5 b6 13. Bg5 h6 14. Be3 Bb7 15. Qd2 Kh7 16. h4 f5 17. exf6 exf6 18.
h5 f5 19. hxg6+ Kxg6 20. g3 Kh7 21. Nh4 Ne7 22. Bf4 Ne6 23. Be5 Bxe5 24. dxe5 d4 25.
Ne2 Qd5 26. f3 Qxe5 27. Rae1 Qe3+ 28. Qxe3 dxe3 29. Nc3 Ng6 30. Bxf5 Rxf5 31. Nxf5 Rf8 32. Nh4 Nd4 33. Nxg6 Nxf3+ 34. Kg2 Nxe1+ 35. Kg1 Nf3+ 36.
Kg2 Ne1+ 37. Kh3 Rxf1 38. Nf4 Rh1+ 39. Kg4 Bf3+ 40. Kf5 e2 41. Ncxe2 Bxe2 42. Nxe2 Rf1+ 43. Ke4 Rf2 44. Ke3 Rxe2+ 45. Kxe2 Nc2 46. Kd3 Nxa3 47.
bxa3 Kg6 48. Kc4 Kg5 49. Kb5 Kg4 50. Ka6 Kxg3 51. Kxa7 h5 52. Kxb6 h4 53. a4 h3 54.
a5 h2 55. Ka7 h1=Q 56. a6 Kf4 57. Kb8 Qh8+ 58. Kb7 Qg7+ 59. Kb8 Qf8+ 60. Kb7 Qe7+ 61.
Kb6 Qd8+ 62. Kb7 Qd7+ 63. Kb8 Qd8+ 64. Kb7 Qd5+ 65. Kb8 Qb5+ 66. Ka7 Ke5 67. Ka8 Qc6+ 68. Kb8 Qxa6 69. Kc7 Qc4+ 70. Kd8 Qe6 71. Kc7 Kd5 72. Kb7 Kc5 73. Ka7 Qb6+ 74. Ka8 Qb1 75. Ka7 Kc6 76. Ka6 Qb6# 0-1

[Event "*** SCC Grand Prix: Titled Tuesday Blitz"]
[Site "Chess.com"]
[Date "2020.07.21"]
[Round "3"]
[White "QueenOfTactics90"]
[Black "Fortitudine"]
[Result "0-1"]
[WhiteElo "1999"]
[BlackElo "2297"]
[TimeControl "180+1"]
[EndTime "10:28:59 PDT"]
[Termination "Fortitudine won by resignation"]

1. e4 c5 2. Nf3 Nc6 3. d4 cxd4 4. Nxd4 Nf6 5. f3 d6 6. c4 e5 7. Nb3 a5 8. Be3 a4 9. N3d2 Be7 10. Nc3 a3 11. b3 O-O 12. Be2 Nh5 13. g3 Bg5 14.
Bf2 Nd4 15. f4 Nxe2 16. Qxe2 exf4 17. Qxh5 Qf6 18. Rc1 fxg3 19. hxg3 Bxd2+ 20. Kxd2 Qxf2+ 21. Ne2 h6 22. Rcf1 Qc5 23. Qxc5 dxc5 24. Nf4 Re8 25. Re1 Bg4 26. Rhf1 Rad8+ 27. Nd5 Be6 28. Kc3 Kh7 29.
Nf4 Rd4 30. Nd5 Rd8 31. b4 Bxd5 32. exd5 Rg4 33. Re3 cxb4+ 34. Kxb4 Rc8 35. Rc3 b6 36. Rxf7 Rc5 37. d6 Rc6 38. d7 Rd4 39. Kb5 Rcd6 40. c5 bxc5 41. Rxc5 Rxd7 42. Rxd7 Rxd7 43. Rc3 Ra7 44.
Kb4 h5 45. Rxa3 Rxa3 46. Kxa3 g5 47. Kb4 h4 48. gxh4 gxh4 49. a4 h3 50. a5 h2 51. a6 h1=Q 52. a7 Qa8 0-1

[Event "*** SCC Grand Prix: Titled Tuesday Blitz"]
[Site "Chess.com"]
[Date "2020.07.21"]
[Round "3"]
[White "Falia-p"]
[Black "RobertoJBM"]
[Result "0-1"]
[WhiteElo "2317"]
[BlackElo "2650"]
[TimeControl "180+1"]
[EndTime "10:29:01 PDT"]
[Termination "RobertoJBM won on time"]

1. e4 c6 2. Nc3 d5 3. Nf3 dxe4 4. Nxe4 Bg4 5. h3 Bxf3 6. Qxf3 Nd7 7. d4 Ndf6 8. Be3 Nxe4 9. Qxe4 Nf6 10. Qf3 Qd5 11. Be2 e6 12. O-O Bd6 13. c4 Qxf3 14. Bxf3 O-O-O 15. Bg5 Be7 16. Rfd1 Rhe8 17. a3 g6 18. Rac1 Kb8 19. b4 h5 20. Rd3 Rd7 21. Rcd1 Red8 22. g3 a6 23. Kg2 Kc7 24. Bf4+ Bd6 25. Bg5 Be7 26. a4 Ng8 27. Bf4+ Bd6 28. Bd2 Nf6 29.
b5 axb5 30. axb5 cxb5 31. cxb5 Nd5 32. Ba5+ b6 33. Rc1+ Kb7 34. Bd2 Be7 35. h4 Rc8 36.
Rxc8 Kxc8 37. Be3 Bf6 38. Bg5 Bxg5 39. hxg5 Ne7 40. Be4 Ra7 41. Rc3+ Kd7 42. f4 Ra4 43. Rd3 Kd6 44. Kf3 Rb4 45. g4 hxg4+ 46. Kxg4 Rxb5 47. Kf3 Rb4 48. Ke3 Nd5+ 49. Bxd5 Kxd5 50. Rc3 Kd6 51. Rc8 Rb1 52. Rd8+ Ke7 53. Rb8 b5 54. Rb7+ Kf8 55.
Ke4 Kg7 56. Ke5 b4 57. Kd6 b3 0-1

[Event "*** SCC Grand Prix: Titled Tuesday Blitz"]
[Site "Chess.com"]
[Date "2020.07.21"]
[Round "3"]
[White "Indianlad"]
[Black "MihailNik"]
[Result "1-0"]
[WhiteElo "2975"]
[BlackElo "2670"]
[TimeControl "180+1"]
[EndTime "10:29:02 PDT"]
[Termination "Indianlad won by resignation"]

1. e4 c6 2. Nc3 d5 3. Nf3 Bg4 4. h3 Bxf3 5. Qxf3 e6 6. Be2 Nd7 7. d4 g6 8. Be3 Bg7 9. O-O-O Ne7 10. h4 h6 11. g4 b5 12. exd5 cxd5 13. Nxb5 Qb6 14.
Bf4 O-O 15. Qe3 a6 16. Nc3 Kh7 17. Bd3 Bxd4 18. Bxg6+ fxg6 19. Rxd4 e5 20. Rxd5 Nxd5 21. Nxd5 Qc6 22. Rd1 exf4 23. Qe7+ Kg8 24. Qe4 Kh8 25. Qd4+ Kh7 26. h5 Rac8 27. hxg6+ Qxg6 28. c3 Nc5 29. Ne7 Qg7 30. Nxc8 Rxc8 31. Qd5 Rc7 32. Qf5+ Qg6 33.
Qxf4 Ne6 34. Qd6 Qxg4 35. Kb1 Qg6+ 36. Ka1 Rf7 37. Qxa6 h5 38. a4 h4 39. Qc4 h3 40.
Rh1 Nf4 41. a5 Rf5 42. b4 Kh6 43. a6 Qg2 44. Re1 h2 45. Qc8 Kg5 46. Qg8+ Ng6 47. Qd8+ Kh5 48. Qd1+ Kh4 49. a7 Qa8 50.
Qd4+ Kg5 51. f4+ Kg4 52. Qd1+ Kg3 53. Qd3+ Kg4 54. Qe2+ Kg3 55. Qe3+ Kg4 56. Kb2 Nh4 57. Qe2+ Nf3 58. Qg2+ Kxf4 59. Rf1 Ke3 60. Qf2+ Ke4 61. Qe2+ Kd5 62. Rxf3 h1=Q 63. Rxf5+ Kd6 64. Qe5+ Kc6 65. Rf6+ Kb7 66. Qe7+ 1-0

[Event "*** SCC Grand Prix: Titled Tuesday Blitz"]
[Site "Chess.com"]
[Date "2020.07.21"]
[Round "3"]
[White "alexsergeyev"]
[Black "Margarita2907"]
[Result "1-0"]
[WhiteElo "2361"]
[BlackElo "2084"]
[TimeControl "180+1"]
[EndTime "10:29:03 PDT"]
[Termination "alexsergeyev won by resignation"]

1. d4 d5 2. Nf3 Nf6 3. c4 e6 4.
Nc3 Nbd7 5. cxd5 exd5 6. Bf4 c6 7.
e3 Be7 8. Bd3 O-O 9. h3 h6 10.
O-O Re8 11. Rc1 Nf8 12. Ne5 Bd6 13. Qf3 Ne6 14. Bg3 Ng5 15. Qd1 Nge4 16. Bh2 Nxc3 17. bxc3 Ne4 18. c4 Qg5 19. Nf3 Bxh2+ 20. Kxh2 Qd8 21.
cxd5 cxd5 22. Qc2 Qd6+ 23. Kg1 Bf5 24. Qc7 Qxc7 25. Rxc7 b6 26. Rfc1 Rec8 27. Ne5 f6 28. Rxc8+ Rxc8 29. Rxc8+ Bxc8 30. Nc6 Bd7 31. Nxa7 Nc3 32. a3 Kf7 33. Kf1 Ke7 34. Ke1 Kd6 35. Kd2 Ne4+ 36. Bxe4 dxe4 37. Kc3 Kc7 38. Kb4 Kd6 39.
Nb5+ Kd5 40. Nc3+ Ke6 41. Nxe4 Bc6 42. f3 Kf5 43. Nc3 Ke6 44. a4 Bd7 45. e4 Kd6 46. f4 g5 47. f5 Ke7 48. g4 Kd6 49. Nd5 Kc6 50. Nxf6 Bc8 51. e5 Kc7 52. d5 Kd8 53. d6 Bb7 54. Kb5 Bg2 55. e6 Bxh3 56. e7+ 1-0

[Event "*** SCC Grand Prix: Titled Tuesday Blitz"]
[Site "Chess.com"]
[Date "2020.07.21"]
[Round "3"]
[White "Slovak_fighter2000"]
[Black "FloMaster111"]
[Result "1-0"]
[WhiteElo "2454"]
[BlackElo "2261"]
[TimeControl "180+1"]
[EndTime "10:29:04 PDT"]
[Termination "Slovak_fighter2000 won by checkmate"]

1. Nf3 Nf6 2. g3 b5 3. Bg2 Bb7 4. d3 e6 5. Nbd2 c5 6. e4 d6 7. O-O Be7 8. Re1 Nbd7 9. a4 a6 10.
axb5 axb5 11. Rxa8 Qxa8 12. Nf1 O-O 13. Ne3 Bc6 14.
c3 Qb7 15. Bd2 Rb8 16. h3 c4 17. dxc4 bxc4 18. Nxc4 Bxe4 19. Nh4 Bxg2 20. Nxg2 d5 21. Na5 Qxb2 22. c4 Bc5 23. cxd5 Nxd5 24. Nc4 Qd4 25. Nce3 N7f6 26. Ba5 Qb2 27. Re2 Qa3 28. Be1 h6 29. Kh2 Qa7 30. Nc4 Qe7 31. Ne5 Rc8 32. Qa4 Bd6 33. Nd3 Qc7 34. Qa6 Ne7 35. Ne3 Ng6 36. Rc2 Qxc2 37. Nxc2 Rxc2 38. Qxd6 Kh7 39. Ne5 Re2 40. Nxg6 fxg6 41. Qd1 Re5 42. Bc3 Rd5 43. Qe2 Rd6 44. Qf3 Nd5 45. Be5 Rd7 46. Qg4 Re7 47. h4 Nf6 48. Qb4 Rf7 49. Kg2 Nh5 50. Qd6 Nf6 51.
Qxe6 Rf8 52. Qe7 Kg8 53. g4 Rf7 54. Qd8+ Kh7 55. g5 hxg5 56. hxg5 Ng8 57. f4 Ne7 58. Qe8 Rf5 59. Qxe7 Kg8 60. Qxg7# 1-0

[Event "*** SCC Grand Prix: Titled Tuesday Blitz"]
[Site "Chess.com"]
[Date "2020.07.21"]
[Round "3"]
[White "Quiet_Desperation"]
[Black "GianmarcoVaR"]
[Result "0-1"]
[WhiteElo "2226"]
[BlackElo "2468"]
[TimeControl "180+1"]
[EndTime "10:29:06 PDT"]
[Termination "GianmarcoVaR won by resignation"]

1. d4 Nf6 2. Nf3 e6 3. c4 Bb4+ 4. Nbd2 d5 5. Qa4+ Nc6 6. Ne5 Bd7 7. Nxd7 Qxd7 8. e3 O-O 9. cxd5 Qxd5 10. a3 Bxd2+ 11.
Bxd2 e5 12. dxe5 Nxe5 13. O-O-O Rfd8 14. h3 Qa2 15. Be2 c5 16. Bc3 Qe6 17. Qf4 Re8 18. g4 Nd5 19. Qxe5 Qxe5 20. Bxe5 Rxe5 21. Bc4 Nb6 22.
Be2 Kf8 23. Bf3 Rb8 24. Rd2 Ke7 25. Rhd1 c4 26. Rc2 Rc5 27. Rd4 Rc7 28. Be2 Rd8 29.
Rxd8 Kxd8 30. Bf3 f6 31. Be4 h6 32. h4 Nd7 33. f4 Nc5 34. Bf5 b5 35. Rd2+ Ke7 36.
Kc2 a5 37. Rd5 b4 38. axb4 axb4 39. h5 b3+ 40. Kc3 Na4+ 41. Kb4 Nxb2 42. Kc3 Na4+ 43.
Kb4 Nb6 44. Rb5 Nd7 45. Bxd7 Kxd7 46. Kc3 Ke7 47. e4 Kf7 48. e5 fxe5 49. Rxe5 Kg8 50. g5 Rb7 51. g6 Kf8 52. Rf5+ Ke8 53. Re5+ Kd8 54. Rd5+ Kc8 55. Rd1 b2 56. Rb1 Kd7 57.
Kxc4 Ke6 58. Kc5 Kf5 59. Kc6 Rb3 60. Kd7 Kxf4 61. Ke7 Kg5 62. Kf7 Rb7+ 63. Kg8 Kxh5 64. Kh7 Kg5 65. Rg1+ Kf5 66. Rf1+ Ke4 67. Rb1 Kd3 0-1

[Event "*** SCC Grand Prix: Titled Tuesday Blitz"]
[Site "Chess.com"]
[Date "2020.07.21"]
[Round "3"]
[White "Richarzard69"]
[Black "albano87"]
[Result "1-0"]
[WhiteElo "2211"]
[BlackElo "2393"]
[TimeControl "180+1"]
[EndTime "10:29:08 PDT"]
[Termination "Richarzard69 won by resignation"]

1. Nf3 d5 2. c4 e6 3. d4 Nf6 4. g3 Be7 5. Bg2 O-O 6. O-O dxc4 7.
Qc2 a6 8. Qxc4 b5 9. Qc2 Bb7 10. Bd2 Nbd7 11. Ba5 Qc8 12. Qxc7 Qxc7 13. Bxc7 Rac8 14.
Ba5 Rc2 15. Bc3 Rxe2 16. a3 Nd5 17. Nfd2 N7b6 18. Rd1 Ba8 19. Bf1 Nxc3 20. Nxc3 Rxd2 21. Rxd2 Rd8 22. Rad1 Kf8 23. Be2 Bg5 24. f4 Bf6 25. Kf2 Ke7 26. b3 Rc8 27. Rc1 h5 28.
Bf3 Rd8 29. Bxa8 Nxa8 30. Ke3 Nb6 31. Ne2 g5 32. Rc7+ Ke8 33. Rc6 Nd5+ 34. Kf3 g4+ 35. Kf2 a5 36. Rdc2 Kd7 37. Ra6 h4 38. Rxa5 hxg3+ 39. hxg3 Rh8 40. Kg1 Ne3 41. Rc5 Nf5 42.
Rcxb5 Nxd4 43. Nxd4 Bxd4+ 44. Kg2 Rc8 45. Rb7+ Ke8 46.
b4 Rc2+ 47. Kf1 Rc3 48. Rh5 Rxg3 49. a4 Rf3+ 50. Ke2 Rxf4 51. a5 g3 52. Rg5 Kf8 53. Rxg3 Rf2+ 54. Kd3 e5 55. Rh3 Kg7 56. a6 Ra2 57. b5 Ra3+ 58. Ke4 Rxh3 59. a7 Ra3 60. b6 Bxb6 61. Rxb6 Rxa7 62. Kxe5 f6+ 63. Kf4 Kg6 64. Rb4 Ra5 65. Kg3 Kg5 66. Kf2 Kf5 67. Rb2 Kg4 68.
Rc2 f5 69. Rb2 f4 70. Rb3 Rb5 71. Rxb5 1-0

[Event "*** SCC Grand Prix: Titled Tuesday Blitz"]
[Site "Chess.com"]
[Date "2020.07.21"]
[Round "3"]
[White "Sam_ChessMood"]
[Black "RubensCezila"]
[Result "1/2-1/2"]
[WhiteElo "2812"]
[BlackElo "2566"]
[TimeControl "180+1"]
[EndTime "10:29:09 PDT"]
[Termination "Game drawn by repetition"]

1. e4 c6 2. d4 d5 3. e5 Bf5 4. Nf3 e6 5. Be2 Nd7 6. O-O Bg6 7. c3 Nh6 8. a4 Rc8 9. a5 a6 10. b4 Nf5 11. Nbd2 Be7 12. Nb3 h5 13. Nc5 Rc7 14. Bd3 h4 15. h3 Nf8 16. Nh2 Nh7 17. Ng4 Ng5 18. Ra2 Bh5 19. Qc2 g6 20. Be2 Kf8 21. f4 Bxc5 22. fxg5 Be7 23. Nf6 Bxe2 24. Qxe2 Ng3 25. Qf3 Nxf1 26. Qxf1 Bxf6 27. exf6 Ke8 28.
Bf4 Rc8 29. Qe2 Kd7 30. Qe5 Ke8 31. Re2 Qd7 32. Qe3 Rh5 33. Qf3 Kf8 34. Re5 Kg8 35. Qg4 Re8 36. Bd2 Qd8 37. Be1 b6 38. axb6 Qxb6 39.
Bxh4 a5 40. bxa5 Qxa5 41. Be1 c5 42. h4 cxd4 43. cxd4 Qb6 44. Kh2 Rc8 45. Qf4 Rc4 46. Bf2 Qc7 47. Qf3 Rc3 48. Qf4 Rc4 49. Qd2 Rc2 50.
Qe1 Rc1 51. Qb4 Rc2 52. Qe7 Qxe7 53. fxe7 Rc8 54. Re1 Re8 55. g4 Rh8 56. Bg3 Rxe7 57. Be5 Rxh4+ 58. Kg3 Rh7 59. Ra1 Re8 60. Bf6 Rc8 61.
Rb1 Kf8 62. Ra1 Ke8 63. Rb1 Kf8 64. Ra1 Kg8 65. Rb1 Kf8 1/2-1/2

[Event "*** SCC Grand Prix: Titled Tuesday Blitz"]
[Site "Chess.com"]
[Date "2020.07.21"]
[Round "3"]
[White "cancrushyou"]
[Black "BlackBoarder"]
[Result "1/2-1/2"]
[WhiteElo "2359"]
[BlackElo "2572"]
[TimeControl "180+1"]
[EndTime "10:29:09 PDT"]
[Termination "Game drawn - insufficient material"]

1. d4 e6 2. c4 Nf6 3. g3 d5 4. Bg2 dxc4 5. Nf3 a6 6. O-O Nc6 7. e3 Rb8 8. Qe2 b5 9. b3 cxb3 10. axb3 Bb7 11. Bb2 Be7 12. Rc1 Nb4 13. Nc3 O-O 14.
Na2 Rc8 15. Nxb4 Bxb4 16. Ne5 Bxg2 17. Kxg2 c5 18. Rxa6 cxd4 19. Rxc8 Qxc8 20. Rc6 Qb7 21. Bxd4 Nd5 22. e4 Nf6 23. Rb6 Qxe4+ 24. Qxe4 Nxe4 25. Rxb5 Bc3 26. Bxc3 Nxc3 27. Rc5 Nd5 28. Nd3 Rb8 29. b4 Kf8 30. b5 Ke7 31. f4 f6 32. Kf3 Rb6 33. f5 Rd6 34. Ke4 exf5+ 35. Kxf5 Kd7 36. Ke4 Nc7 37. Nf4 Rb6 38. Nd5 Re6+ 39. Kd4 Ne8 40. b6 Nd6 41. Rc7+ Kd8 42. Rxg7 Re1 43. Rxh7 Rd1+ 44. Kc5 Ne4+ 45. Kc6 Rc1+ 46. Kb7 Nd6+ 47. Kb8 Rc5 48. Rh8+ Kd7 49. Nxf6+ Kc6 50. Rc8+ Nxc8 51. Kxc8 Kxb6+ 52. Kd7 Rc2 53. g4 Rxh2 54. Ke6 Kc5 55. g5 Re2+ 56. Kf7 Kd6 57. g6 Rg2 58. g7 Ke5 59.
g8=Q Rxg8 60. Nxg8 1/2-1/2